[ AOE2 MATCH · #505634797 ]
UnrankedMalay vs Poles
Player's team · LOSS
Rival team · WIN
[ REPLAY ANALYSIS · EXTRACTED FROM THE RECORDED GAME ]
Feudal
11:24
Castle
—
Imperial
—
| APM avg | 65.2 |
| APM peak | 106 |
| eAPM avg | 28.1 |
| Villagers / military | 75 / 113 |
Focus
⚔️ 42.5% · 🌾 57.5%
Militia ×90 · Archer ×21 · Spearman ×2
Feudal
9:17
Castle
—
Imperial
—
| APM avg | 58.2 |
| APM peak | 121 |
| eAPM avg | 30.7 |
| Villagers / military | 82 / 33 |
Focus
⚔️ 40.3% · 🌾 59.7%
Skirmisher ×16 · Scout Cavalry ×11 · Spearman ×4 · Archer ×1 · Militia ×1
Match map
Initial resources + every placement click. Lines = walls · curves = elevation contours. ◆ gold · ⬟ stone · ● berries · ✦ relic · ◌ wall gap
Your base· Open — unwalled flank
[R1] Duke PEÑAROL Thompson's base· Open — unwalled flank
Smoothed initial terrain · ◌ = detected wall gap · hover for details
Inputs per minute
— Don Vito - - [R1] Duke PEÑAROL Thompson
Build order — Don Vito
First 150 of 301 actions detected
| 0:00 | Create | Villager (Male) |
| 0:00 | Create | Villager (Male) |
| 0:00 | Create | Villager (Male) |
| 0:01 | Create | Villager (Male) |
| 0:01 | Create | Villager (Male) |
| 0:02 | Build | House |
| 0:03 | Build | House |
| 1:29 | Create | Villager (Male) |
| 1:54 | Build | Lumber Camp |
| 1:59 | Create | Villager (Male) |
| 2:06 | Build | Lumber Camp |
| 2:14 | Create | Villager (Male) |
| 2:44 | Create | Villager (Male) |
| 2:59 | Create | Villager (Male) |
| 3:32 | Create | Villager (Male) |
| 3:50 | Create | Villager (Male) |
| 4:02 | Build | House |
| 4:28 | Build | Barracks |
| 4:31 | Build | Barracks |
| 4:35 | Create | Villager (Male) |
| 4:51 | Build | House |
| 5:01 | Create | Villager (Male) |
| 5:11 | Create | Villager (Male) |
| 5:27 | Build | House |
| 5:44 | Create | Militia |
| 5:45 | Create | Villager (Male) |
| 5:53 | Create | Villager (Male) |
| 6:25 | Create | Militia |
| 6:30 | Build | Palisade Wall |
| 6:31 | Build | Palisade Wall |
| 6:39 | Create | Villager (Male) |
| 7:05 | Create | Villager (Male) |
| 7:16 | Create | Villager (Male) |
| 7:18 | Build | Mill |
| 7:24 | Build | House |
| 7:40 | Create | Militia |
| 7:54 | Create | Villager (Male) |
| 8:13 | Create | Villager (Male) |
| 8:22 | Build | Farm |
| 8:23 | Build | Farm |
| 8:46 | Create | Villager (Male) |
| 9:13 | Create | Villager (Male) |
| 9:17 | Build | Mining Camp |
| 9:32 | Create | Villager (Male) |
| 9:41 | Research | Loom |
| 10:04 | Research | Feudal Age |
| 10:21 | Create | Militia |
| 10:42 | Create | Militia |
| 10:52 | Create | Militia |
| 10:55 | Build | Farm |
| 10:55 | Build | Farm |
| 10:59 | Build | Palisade Wall |
| 11:02 | Build | Palisade Wall |
| 11:09 | Build | House |
| 11:15 | Build | House |
| 11:22 | Build | Palisade Wall |
| 11:24 | Age | Feudal Age |
| 11:26 | Create | Villager (Male) |
| 11:28 | Create | Spearman |
| 11:36 | Build | House |
| 11:40 | Build | House |
| 11:49 | Research | Man-at-Arms (upgrade) |
| 11:50 | Research | Double-Bit Axe |
| 11:50 | Create | Villager (Male) |
| 12:17 | Create | Villager (Male) |
| 12:18 | Build | Archery Range |
| 12:27 | Create | Spearman |
| 12:34 | Build | Palisade Wall |
| 12:35 | Build | House |
| 12:41 | Create | Villager (Male) |
| 13:00 | Create | Villager (Male) |
| 13:09 | Build | Farm |
| 13:09 | Create | Archer |
| 13:10 | Build | House |
| 13:11 | Create | Archer |
| 13:25 | Create | Archer |
| 13:33 | Create | Villager (Male) |
| 13:36 | Build | Blacksmith |
| 13:56 | Create | Villager (Male) |
| 14:06 | Create | Archer |
| 14:07 | Create | Villager (Male) |
| 14:15 | Create | Villager (Male) |
| 14:16 | Create | Archer |
| 14:17 | Create | Villager (Male) |
| 14:24 | Build | Farm |
| 14:27 | Research | Fletching |
| 14:28 | Create | Militia |
| 14:35 | Build | Farm |
| 14:36 | Build | Farm |
| 14:38 | Create | Villager (Male) |
| 14:54 | Create | Villager (Male) |
| 15:06 | Create | Archer |
| 15:08 | Create | Villager (Male) |
| 15:12 | Create | Militia |
| 15:19 | Create | Villager (Male) |
| 15:22 | Build | Archery Range |
| 15:25 | Build | Farm |
| 15:25 | Build | Farm |
| 15:41 | Create | Militia |
| 15:42 | Create | Archer |
| 15:45 | Create | Villager (Male) |
| 15:49 | Create | Militia |
| 15:53 | Create | Archer |
| 15:55 | Create | Villager (Male) |
| 16:03 | Build | Farm |
| 16:06 | Build | Farm |
| 16:21 | Create | Villager (Male) |
| 16:25 | Build | Farm |
| 16:27 | Build | Farm |
| 16:32 | Build | Farm |
| 16:34 | Create | Archer |
| 16:40 | Create | Militia |
| 16:41 | Create | Archer |
| 16:42 | Create | Archer |
| 16:49 | Create | Villager (Male) |
| 16:59 | Build | House |
| 17:00 | Build | House |
| 17:00 | Build | House |
| 17:25 | Create | Villager (Male) |
| 17:40 | Create | Villager (Male) |
| 17:54 | Create | Villager (Male) |
| 18:02 | Create | Militia |
| 18:05 | Create | Villager (Male) |
| 18:24 | Create | Villager (Male) |
| 18:35 | Create | Archer |
| 18:41 | Build | Farm |
| 18:41 | Build | Farm |
| 18:42 | Create | Militia |
| 18:42 | Create | Militia |
| 18:44 | Build | Barracks |
| 18:45 | Create | Villager (Male) |
| 19:06 | Create | Militia |
| 19:09 | Create | Villager (Male) |
| 19:12 | Create | Militia |
| 19:14 | Create | Archer |
| 19:14 | Create | Archer |
| 19:14 | Create | Archer |
| 19:17 | Build | Farm |
| 19:19 | Build | Farm |
| 19:21 | Build | Farm |
| 19:24 | Build | Farm |
| 19:26 | Build | Lumber Camp |
| 19:29 | Build | Farm |
| 19:29 | Build | Farm |
| 19:30 | Research | Horse Collar |
| 19:33 | Create | Militia |
| 19:43 | Create | Villager (Male) |
| 19:46 | Build | Farm |
| 19:59 | Create | Militia |
| 20:04 | Create | Militia |
Build order — [R1] Duke PEÑAROL Thompson
First 150 of 209 actions detected
| 0:00 | Create | Villager (Male) |
| 0:01 | Create | Villager (Male) |
| 0:03 | Build | House |
| 0:04 | Build | House |
| 0:05 | Create | Villager (Male) |
| 0:06 | Create | Villager (Male) |
| 1:25 | Create | Villager (Male) |
| 1:59 | Build | Lumber Camp |
| 2:00 | Create | Villager (Male) |
| 2:14 | Create | Villager (Male) |
| 2:46 | Create | Villager (Male) |
| 3:01 | Create | Villager (Male) |
| 3:36 | Create | Villager (Male) |
| 3:50 | Build | House |
| 3:51 | Build | House |
| 4:01 | Create | Villager (Male) |
| 4:02 | Create | Villager (Male) |
| 4:43 | Create | Villager (Male) |
| 4:44 | Create | Villager (Male) |
| 4:47 | Create | Villager (Male) |
| 5:12 | Create | Villager (Male) |
| 5:16 | Build | Mill |
| 5:48 | Create | Villager (Male) |
| 5:48 | Create | Villager (Male) |
| 6:07 | Create | Villager (Male) |
| 6:17 | Create | Villager (Male) |
| 6:17 | Research | Loom |
| 6:56 | Research | Feudal Age |
| 6:57 | Research | Feudal Age |
| 8:04 | Create | Villager (Male) |
| 8:18 | Build | Barracks |
| 9:17 | Age | Feudal Age |
| 9:18 | Build | Stable |
| 9:19 | Create | Spearman |
| 9:22 | Research | Double-Bit Axe |
| 9:22 | Research | Double-Bit Axe |
| 9:27 | Create | Spearman |
| 9:41 | Build | House |
| 9:42 | Build | Palisade Wall |
| 9:55 | Create | Spearman |
| 9:57 | Create | Militia |
| 10:04 | Build | House |
| 10:11 | Create | Villager (Male) |
| 10:11 | Create | Villager (Male) |
| 10:16 | Build | Farm |
| 10:18 | Build | Farm |
| 10:21 | Build | Farm |
| 10:23 | Create | Scout Cavalry |
| 10:33 | Build | House |
| 10:44 | Create | Villager (Male) |
| 10:47 | Build | Farm |
| 10:52 | Build | Farm |
| 10:57 | Build | Farm |
| 11:11 | Create | Villager (Male) |
| 11:14 | Build | Farm |
| 11:27 | Create | Villager (Male) |
| 11:35 | Create | Villager (Male) |
| 11:41 | Create | Scout Cavalry |
| 11:46 | Build | Watch Tower |
| 11:54 | Create | Villager (Male) |
| 12:04 | Build | Mill |
| 12:05 | Build | Farm |
| 12:05 | Build | Farm |
| 12:05 | Build | Farm |
| 12:15 | Create | Spearman |
| 12:19 | Build | House |
| 12:24 | Create | Villager (Male) |
| 12:24 | Create | Villager (Male) |
| 12:29 | Create | Villager (Male) |
| 12:48 | Create | Villager (Male) |
| 13:04 | Build | House |
| 13:05 | Create | Villager (Male) |
| 13:10 | Create | Scout Cavalry |
| 13:15 | Build | Archery Range |
| 13:27 | Create | Villager (Male) |
| 13:28 | Create | Villager (Male) |
| 13:28 | Create | Villager (Male) |
| 13:49 | Create | Villager (Male) |
| 13:49 | Create | Villager (Male) |
| 13:50 | Create | Villager (Male) |
| 14:00 | Create | Villager (Male) |
| 14:00 | Create | Villager (Male) |
| 14:26 | Build | Farm |
| 14:26 | Build | Farm |
| 14:26 | Build | Farm |
| 14:26 | Build | Farm |
| 14:26 | Build | Farm |
| 14:27 | Build | Farm |
| 14:29 | Create | Villager (Male) |
| 14:31 | Create | Villager (Male) |
| 14:39 | Create | Archer |
| 14:47 | Create | Villager (Male) |
| 14:58 | Build | Farm |
| 14:59 | Create | Villager (Male) |
| 15:03 | Create | Skirmisher |
| 15:14 | Create | Scout Cavalry |
| 15:14 | Create | Scout Cavalry |
| 15:23 | Create | Villager (Male) |
| 15:28 | Create | Skirmisher |
| 15:35 | Build | Farm |
| 15:36 | Create | Skirmisher |
| 15:56 | Build | Blacksmith |
| 16:03 | Create | Scout Cavalry |
| 16:03 | Create | Scout Cavalry |
| 16:03 | Create | Scout Cavalry |
| 16:09 | Build | Palisade Wall |
| 16:13 | Create | Villager (Male) |
| 16:20 | Create | Skirmisher |
| 16:20 | Create | Skirmisher |
| 16:25 | Create | Skirmisher |
| 16:33 | Create | Villager (Male) |
| 16:55 | Create | Scout Cavalry |
| 17:00 | Build | Mining Camp |
| 17:23 | Create | Skirmisher |
| 17:24 | Create | Villager (Male) |
| 17:24 | Create | Villager (Male) |
| 17:24 | Create | Villager (Male) |
| 17:35 | Create | Villager (Male) |
| 17:35 | Create | Villager (Male) |
| 17:46 | Create | Villager (Male) |
| 17:46 | Create | Villager (Male) |
| 17:55 | Create | Skirmisher |
| 18:03 | Create | Villager (Male) |
| 18:03 | Create | Villager (Male) |
| 18:40 | Create | Skirmisher |
| 18:42 | Create | Skirmisher |
| 18:43 | Create | Villager (Male) |
| 18:54 | Create | Skirmisher |
| 18:54 | Create | Villager (Male) |
| 18:58 | Build | Palisade Wall |
| 19:10 | Create | Villager (Male) |
| 19:10 | Create | Villager (Male) |
| 19:12 | Build | Farm |
| 19:21 | Create | Skirmisher |
| 19:22 | Create | Scout Cavalry |
| 19:27 | Create | Villager (Male) |
| 19:35 | Build | Mill |
| 19:36 | Build | Farm |
| 19:36 | Build | Farm |
| 19:36 | Build | Farm |
| 19:36 | Build | Farm |
| 19:37 | Build | Farm |
| 19:37 | Build | Farm |
| 19:37 | Build | Farm |
| 19:37 | Build | Farm |
| 19:38 | Build | Farm |
| 19:38 | Build | Farm |
| 19:52 | Create | Skirmisher |
| 20:02 | Create | Scout Cavalry |
| 20:02 | Create | Villager (Male) |
Match timeline
| 4:28 | Don Vito · first_building Barracks |
| 6:30 | Don Vito · wall_segment Palisade Wall x7 |
| 6:31 | Don Vito · wall_segment Palisade Wall x1 |
| 8:18 | [R1] Duke PEÑAROL Thompson · first_building Barracks |
| 9:17 | [R1] Duke PEÑAROL Thompson · age_up feudal |
| 9:18 | [R1] Duke PEÑAROL Thompson · first_building Stable |
| 9:42 | [R1] Duke PEÑAROL Thompson · wall_segment Palisade Wall x1 |
| 10:59 | Don Vito · wall_segment Palisade Wall x1 |
| 11:02 | Don Vito · wall_segment Palisade Wall x6 |
| 11:22 | Don Vito · wall_segment Palisade Wall x1 |
| 11:24 | Don Vito · age_up feudal |
| 12:18 | Don Vito · first_building Archery Range |
| 12:34 | Don Vito · wall_segment Palisade Wall x1 |
| 13:15 | [R1] Duke PEÑAROL Thompson · first_building Archery Range |
| 16:09 | [R1] Duke PEÑAROL Thompson · wall_segment Palisade Wall x1 |
| 18:58 | [R1] Duke PEÑAROL Thompson · wall_segment Palisade Wall x1 |
| 20:26 | [R1] Duke PEÑAROL Thompson · wall_segment Palisade Wall x10 |
| 23:12 | [R1] Duke PEÑAROL Thompson · wall_segment Palisade Wall x1 |
| 25:53 | [R1] Duke PEÑAROL Thompson · wall_segment Palisade Wall x1 |
| 25:55 | [R1] Duke PEÑAROL Thompson · wall_segment Palisade Wall x1 |
| 29:15 | [R1] Duke PEÑAROL Thompson · wall_segment Palisade Wall x1 |
| 29:17 | [R1] Duke PEÑAROL Thompson · wall_segment Palisade Wall x1 |
| 29:19 | [R1] Duke PEÑAROL Thompson · wall_segment Palisade Wall x1 |
| 29:19 | [R1] Duke PEÑAROL Thompson · wall_segment Palisade Wall x1 |
| 29:22 | [R1] Duke PEÑAROL Thompson · wall_segment Palisade Wall x1 |
| 29:28 | [R1] Duke PEÑAROL Thompson · wall_segment Palisade Wall x1 |
| 29:41 | [R1] Duke PEÑAROL Thompson · wall_segment Palisade Wall x1 |
| 29:41 | [R1] Duke PEÑAROL Thompson · wall_segment Palisade Wall x1 |
| 29:42 | [R1] Duke PEÑAROL Thompson · wall_segment Palisade Wall x1 |
| 29:43 | [R1] Duke PEÑAROL Thompson · wall_segment Palisade Wall x1 |
| 30:01 | [R1] Duke PEÑAROL Thompson · wall_segment Stone Wall x1 |
| 30:02 | [R1] Duke PEÑAROL Thompson · wall_segment Stone Wall x1 |
| 30:03 | [R1] Duke PEÑAROL Thompson · wall_segment Stone Wall x1 |
| 30:04 | [R1] Duke PEÑAROL Thompson · wall_segment Stone Wall x1 |
| 31:05 | [R1] Duke PEÑAROL Thompson · wall_segment Palisade Wall x1 |
| 31:26 | [R1] Duke PEÑAROL Thompson · wall_segment Palisade Wall x1 |
| 31:34 | [R1] Duke PEÑAROL Thompson · wall_segment Stone Wall x1 |
| 31:39 | [R1] Duke PEÑAROL Thompson · wall_segment Stone Wall x1 |
| 31:44 | [R1] Duke PEÑAROL Thompson · wall_segment Stone Wall x1 |
| 31:54 | [R1] Duke PEÑAROL Thompson · wall_segment Stone Wall x1 |
[ AI ANALYSIS · 1 CREDIT ]
What really happened in this match?
Wolo.gg analyzes every decision: build order, eco, micro, common mistakes by bracket. Personalized analysis on WhatsApp or Discord in 30 seconds.
Civ guide
Malay
Perfil
Jugador #18713675